 Dungeon Crawl Stone Soup version 0.30.0-17-ge0270778cf (webtiles) character file.

Game seed: 11826619154732964813

476 cheesebisquit the Caller (level 7, 0/56 HPs)
             Began as a Ghoul Summoner on May 21, 2023.
             Was an Initiate of Gozag.
             Slain by a water moccasin (2 damage)
             ... on level 4 of the Dungeon.
             The game lasted 00:24:13 (5385 turns).

cheesebisquit the Caller (Ghoul Summoner)           Turns: 5385, Time: 00:24:14

Health: 0/56       AC:  2    Str: 12    XL:     7   Next: 10%
Magic:  19/19      EV: 13    Int: 12    God:    Gozag
Gold:   515        SH:  0    Dex: 15    Spells: 3/12 levels left

rFire   . .          .
                       - Unarmed
rCold   + . .        (no shield)
rNeg    + + +        a - +0 robe
rPois   ∞            (no helmet)
rElec   .            (no cloak)
rCorr   .            (no gloves)
SInv    .            (no boots)
Will    .....        c - amulet of regeneration
Stlth   +++          r - ring of magical power
HPRegen 0.00/turn    t - +6 ring of dexterity
MPRegen 0.16/turn

%: no passive effects
@: flying, inhibited regen
A: claws 1, cold resistance 1, negative energy resistance 3, inhibited
regeneration, torment resistance 2, devour on kill
a: Renounce Religion, Potion Petition, Call Merchant, Bribe Branch


You were on level 4 of the Dungeon.
You worshipped Gozag.
Gozag was pleased with you.
You visited 1 branch of the dungeon, and saw 5 of its levels.

You collected 524 gold pieces.
You paid 9 gold pieces to Gozag.

Inventory:

Missiles
 s - 3 boomerangs
Armour
 a - a +0 robe (worn)
 m - a +0 leather armour
Jewellery
 c - an amulet of regeneration (around neck)
 r - a ring of magical power (left claw)
 t - a +6 ring of dexterity (right claw)
 v - a ring of resist corrosion
Scrolls
 d - 8 scrolls of teleportation
 e - a scroll of identify {unknown}
 g - a scroll of poison {unknown}
 h - a scroll of noise {unknown}
 p - a scroll of magic mapping {unknown}
 w - a scroll of silence {unknown}
Potions
 b - a potion of magic
 f - a potion of curing {unknown}
 i - a potion of mutation {unknown}
 k - a potion of ambrosia {unknown}
 l - a potion of resistance {unknown}
 n - 2 potions of flight
 o - a potion of brilliance {unknown}
 q - a potion of lignification {unknown}
 u - a potion of might {unknown}


   Skills:
 + Level 2.9 Fighting
 + Level 3.1 Dodging
 + Level 4.1 Stealth
 + Level 2.8 Unarmed Combat
 + Level 3.0 Spellcasting
 + Level 4.4 Summonings


You had 3 spell levels left.
You knew the following spells:

 Your Spells              Type           Power      Damage    Failure   Level
a - Summon Small Mammal   Summ           48%        N/A       4%          1
b - Call Imp              Summ           24%        N/A       6%          2
c - Call Canine Familiar  Summ           12%        N/A       12%         3
d - Summon Guardian Gole  Hex/Summ       7%         N/A       30%         3

Your spell library contained the following spells:

 Spells                   Type           Power      Damage    Failure   Level
 Lesser Beckoning         Tloc           2%         N/A       36%         2
 Gell's Gravitas          Tloc           1%         N/A       58%         3
 Teleport Other           Tloc           1%         N/A       58%         3
 Summon Lightning Spire   Summ/Air       7%         N/A       69%         4


Dungeon Overview and Level Annotations

Branches:
Dungeon (5/15)
 Temple: D:4-7

Altars:
Gozag

Shops:
D:2 *   D:4 *

Annotations:
D:2 1 runed translucent door, Crazy Yiuf
D:4 4 transporters, minhee2137's ghost, amateur MiBe


Innate Abilities, Weirdness & Mutations

You are immune to poison.
You have sharp fingernails.
Your flesh is cold resistant. (rC+)
You are immune to negative energy. (rN+++)
You do not regenerate when monsters are visible.
You are immune to unholy pain and torment.
You thrive by killing the living.


Message History

Your quokka bites the water moccasin.
The water moccasin misses you.
You miss the water moccasin.
The water moccasin is severely wounded.
Your quokka bites the water moccasin but does no damage.
The water moccasin misses your quokka.
Your bat closely misses the water moccasin.
Your quokka misses the water moccasin.
You scratch the water moccasin but do no damage.
The water moccasin is severely wounded.
Your bat hits the water moccasin. The water moccasin barely misses you.
Your quokka misses the water moccasin. The water moccasin closely misses you.
Okay, then.
You closely miss the water moccasin.
The water moccasin is severely wounded.
The water moccasin bites you.
* * * LOW HITPOINT WARNING * * *
Your quokka barely misses the water moccasin.
Your bat misses the water moccasin.
Okay, then.
Okay, then.
You scratch the water moccasin.
The water moccasin is severely wounded.
Your bat closely misses the water moccasin.
Your bat barely misses the water moccasin.
The water moccasin closely misses you.
Your quokka closely misses the water moccasin.
You scratch the water moccasin.
The water moccasin is almost dead.
Your bat hits the water moccasin. The water moccasin bites you!
* * * LOW HITPOINT WARNING * * *
Your quokka closely misses the water moccasin.
The water moccasin completely misses you.
It was a potion of flight.
You feel very buoyant.
You fly up into the air.
Your bat barely misses the water moccasin.
Your quokka closely misses the water moccasin.
The water moccasin bites you.
You die...
Your body crumbles into a pile of gold.

....#..# #.###[.#..# ....#....
......#..# ....# .. ...Z..#..#
....#############..#
....)..........b...##
....................#
#.........#..##..#.##
#.##########.##S$#..# #.#
#..r.@##.# #.#
########.######### ..#
#.........# ### #########.# #
#.#
###########################.##
.............................#
##############################
#


You could see a water moccasin (ally target), a friendly quokka (summoned) and a
friendly bat (summoned).

Vanquished Creatures
  An ogre (D:4)
  A phantom (D:4)
  A howler monkey (D:4)
  A sleepcap (D:4)
  A hound (D:5)
  A jelly (D:4)
  An orc priest (D:4)
  3 adders
  2 worms
  A dart slug (D:4)
  2 orcs (D:4)
  4 endoplasms
  A giant cockroach (D:3)
  4 goblins
  3 hobgoblins
  A jackal (D:3)
  3 quokkas
  7 ball pythons
  7 bats
  A frilled lizard (D:3)
  2 kobolds
  2 rats
50 creatures vanquished.

Vanquished Creatures (collateral kills)
  5 adders
  2 dart slugs
  4 orcs (D:4)
  8 endoplasms
  5 goblins
  A hobgoblin (D:3)
  A jackal (D:3)
  A quokka (D:4)
  2 ball pythons
  2 bats (D:3)
  5 frilled lizards
  4 kobolds
  A rat (D:1)
41 creatures vanquished.

Grand Total: 91 creatures vanquished

Notes
Turn   | Place    | Note
-------+----------+-------------------------------------------
     0 | D:1      | cheesebisquit the Ghoul Summoner began the quest for the
                  | Orb.
     0 | D:1      | Reached XP level 1. HP: 14/14 MP: 2/2
   343 | D:1      | Reached XP level 2. HP: 22/22 MP: 0/3
  1127 | D:2      | Identified the +11 dagger of Apsisch {heavy, rElec rN+
                  | Int+3}
  1140 | D:2      | Found Somafi's Assorted Antiques.
  1158 | D:2      | Reached skill level 1 in Fighting
  1158 | D:2      | Reached skill level 1 in Unarmed Combat
  1158 | D:2      | Reached XP level 3. HP: 12/28 MP: 0/5
  1161 | D:2      | Learned a level 2 spell: Call Imp
  1309 | D:2      | Learned a level 3 spell: Call Canine Familiar
  1696 | D:2      | Reached XP level 4. HP: 35/35 MP: 4/6
  1800 | D:2      | Found a runed translucent door.
  1801 | D:2      | Noticed Crazy Yiuf
  1901 | D:2      | Found an opulent altar of Gozag.
  1976 | D:2      | Became a worshipper of Gozag Ym Sagoz the Greedy
  3286 | D:3      | Reached XP level 5. HP: 37/41 MP: 7/7
  3758 | D:4      | Found a transporter.
  3763 | D:4      | Noticed a wyvern
  3791 | D:4      | Noticed a phantom
  3809 | D:4      | Killed a phantom
  3848 | D:4      | Found a transporter.
  4076 | D:4      | Found a transporter.
  4076 | D:4      | Noticed minhee2137's ghost (amateur MiBe)
  4077 | D:4      | Found a transporter.
  4175 | D:4      | Reached XP level 6. HP: 41/49 MP: 9/9
  4238 | D:4      | Found Kiapraac's Neck Hole.
  5072 | D:5      | Entered Level 5 of the Dungeon
  5186 | D:5      | Reached XP level 7. HP: 55/56 MP: 10/10
  5190 | D:5      | Learned a level 3 spell: Summon Guardian Golem
  5384 | D:4      | HP: 2/56 [water moccasin (7)]
  5385 | D:4      | Slain by a water moccasin

Illustrated notes

Levels and vault maps discovered:
D:1:      psy_arrival_fountain, layout_loops_ring, roderic_nine_men_s_morris
D:2:      layout_basic, basic_altar, serial_shops, shop, uniq_crazy_yiuf_cottage
D:3:      layout_basic, kennysheep_potato
D:4:      layout_basic, gammafunk_temple_overflow_arena,
          gammafunk_ghost_mausoleum, nicolae_shop_sticking_my_neck_out
D:5:      layout_loops_ring, minmay_temple_entry_overgrown, serial_shops,
          nicolae_square_shop, serial_bayou_pond_e, uniq_eustachio

Skill      XL: |  1  2  3  4  5  6 |
---------------+-------------------+-----
Dodging        | 2 3 |  3.1
Fighting       | 1 2 |  2.9
Unarmed Combat | 1 2 |  2.8
Spellcasting   | 2 3 |  3.0
Stealth        | 3 4 |  4.1
Summonings     | 4 |  4.4

Action                     |  1- 3 |  4- 6 |  7- 9 || total
---------------------------+-------+-------+-------++-------
  Melee: Unarmed           |    95 |   144 |    19 ||   258
         Punch             |     3 |     3 |       ||     6
   Cast: Summon Small Mamm |    37 |   128 |     9 ||   174
    Use: Scroll            |       |     3 |       ||     3
         Potion            |       |       |     1 ||     1
   Stab: Sleeping          |     4 |       |       ||     4
         Distracted        |       |     7 |       ||     7
 Armour: Robe              |    16 |    20 |     2 ||    38
  Dodge: Dodged            |    71 |    83 |    16 ||   170
